 Dungeon Crawl Stone Soup version 0.31.0-32-g396128a36d (webtiles) character file.

Game seed: 5239369600358990364

1951 Fractals the Conjurer (level 8, -6/68 HPs)
             Began as a Green Draconian Conjurer on Apr 4, 2024.
             Was a Follower of Vehumet.
             Mangled by a wyvern (16 damage)
             ... on level 6 of the Dungeon.
             The game lasted 00:24:00 (6991 turns).

Fractals the Conjurer (Green Draconian Conjurer)    Turns: 6991, Time: 00:24:01

Health: -6/68      AC:  6    Str: 11    XL:     8   Next: 99%
Magic:  15/15      EV: 12    Int: 18    God:    Vehumet [*.....]
Gold:   346        SH:  0    Dex: 11    Spells: 12/19 levels left

rFire   . . .        a - +2 dagger (protect)
rCold   . . .        (no shield)
rNeg    . . .        (body armour unavailable)
rPois   +            (helmet restricted)
rElec   .            (no cloak)
rCorr   .            (no gloves)
SInv    .            (no boots)
Will    .....        s - amulet of magic regeneration
Stlth   ++           p - ring of wizardry
HPRegen 0.31/turn    (no ring)
MPRegen 0.54/turn

%: wizardry (x1)
@: marked
A: breathe noxious fumes, AC +6, unfitting armour, poison resistance,
cold-blooded, low MP 1, evolution 1
a: Breathe Noxious Fumes, Renounce Religion


You were on level 6 of the Dungeon.
You worshipped Vehumet.
Vehumet was aware of your devotion.
You visited 2 branches of the dungeon, and saw 8 of its levels.

You collected 372 gold pieces.
You spent 26 gold pieces at shops.

Inventory:

Hand Weapons
 a - a +2 dagger of protection (weapon)
 c - a +2 spear of venom
 h - a +3 dagger
Magical Staves
 j - a staff of air
Jewellery
 p - a ring of wizardry (left hand)
 s - an amulet of magic regeneration (around neck)
Wands
 f - a wand of charming (12)
 m - a wand of flame (13)
Scrolls
 b - a scroll of poison
 e - 2 scrolls of fear {unknown}
 i - a scroll of acquirement {unknown}
 l - a scroll of immolation {unknown}
 n - a scroll of teleportation {unknown}
 o - a scroll of enchant armour {unknown}
 q - a scroll of brand weapon {unknown}
 u - 2 scrolls of identify
Potions
 d - 2 potions of cancellation
 k - 3 potions of curing
 r - a potion of heal wounds {unknown}
 t - a potion of ambrosia {unknown}
 v - a potion of might


   Skills:
 - Level 5.0 Fighting
 - Level 3.0 Dodging
 - Level 3.0 Stealth
 - Level 6.0 Spellcasting
 + Level 7.3 Conjurations
 + Level 5.7 Alchemy


You had 12 spell levels left.
You knew the following spells:

 Your Spells              Type           Power      Damage    Failure   Level
a - Magic Dart            Conj           100%       1d8       1%          1
b - Searing Ray           Conj           62%        2d6       1%          2
c - Fulminant Prism       Conj/Alch      14%        3d8       3%          4

Your spell library contained the following spells:

 Spells                   Type           Power      Damage    Failure   Level
 Sandblast                Erth           10%        2d5       4%          1
 Iskenderun's Mystic Bla  Conj/Tloc      18%        2d6       11%         4
 Leda's Liquefaction      Alch/Erth      7%         N/A       16%         4
 Lee's Rapid Deconstruct  Erth           2%         3d5*      75%         5
 Bombard                  Conj/Erth      9%         9d2       82%         6


Dungeon Overview and Level Annotations

Branches:
Dungeon (7/15)             Temple (1/1) D:4

Altars:
Ashenzari
Dithmenos
Elyvilon
Fedhas
Hepliaklqana
Makhleb
Nemelex Xobeh
Qazlal
Sif Muna
Uskayaw
Vehumet
Xom
Zin
The Shining One

Shops:
D:1 =   D:2 *?   D:3 (   D:5 (

Annotations:
D:4 1 runed translucent door, Crazy Yiuf


Innate Abilities, Weirdness & Mutations

You can breathe blasts of noxious fumes.
Your lurid green scales are hard. (AC +6)
You cannot fit into any form of body armour.
Your system is resistant to poisons. (rPois)
You are cold-blooded and may be slowed by cold attacks.
Your magical capacity is low. (-10% MP)
You have hidden genetic potential.


Message History

You closely miss the water moccasin.
The water moccasin is severely wounded.
The water moccasin bites you.
You closely miss the water moccasin.
The water moccasin is severely wounded.
The water moccasin bites you.
A wyvern comes into view.
You barely miss the water moccasin. You tail-slap the water moccasin.
The water moccasin is almost dead.
The water moccasin barely misses you.
The water moccasin bites you but does no damage.
A white imp comes into view.
You completely miss the water moccasin.
The water moccasin is almost dead.
The water moccasin bites you but does no damage.
You barely miss the water moccasin.
Your tail-slap misses the water moccasin.
The water moccasin is almost dead.
The water moccasin misses you. The water moccasin closely misses you.
The water moccasin barely misses you. The wyvern barely misses you.
The water moccasin attacks as it pursues you!
The water moccasin bites you! The wyvern bites you!
* * * LOW HITPOINT WARNING * * *
The water moccasin barely misses you.
A bombardier beetle comes into view.
There is a stone staircase leading up here.
The wyvern bites you but does no damage.
The water moccasin closely misses you. The wyvern bites you.
* * * LOW HITPOINT WARNING * * *
You climb upwards.
There is a stone staircase leading down, spattered with blood here.
Okay, then.
It was a potion of mutation.
You feel extremely strange.
You feel less energetic.
You feel a hidden potential growing inside you.
The water moccasin bites you.
* * * LOW HITPOINT WARNING * * *
The wyvern bites you!
You die...

Z........#..###.....#
.#######.#..# #.....# ##### .#
#....# #...).###### #.... .#
###### #..........# #.... .##
#..........# #.... W.########
#####...8..## #...8 #§h#.....#
#####).....###.... ##.......#
#.k............... ###..8..#
#@##...'......#...
#.[...#######S##.###......#)##
#...........#.##.#.'......#.##
##........#.#.####.#......#.##
##......F#...# #.########...
#.......##### #....# ####
#.....D.# ####.# #####'###
######'######## #..........#
#..............


You could see a water moccasin and a wyvern.

Vanquished Creatures
  Prince Ribbit (D:7)
  Menkaure (D:5)
  A sky beast (D:6)
  A black bear (D:6)
  2 phantoms (D:6)
  A kobold brigand (D:5)
  A bullfrog (D:7)
  A gnoll sergeant (D:5)
  3 water moccasin zombies (D:6)
  A wyvern skeleton (D:6)
  2 water moccasin skeletons (D:6)
  3 bullfrog zombies (D:6)
  A bombardier beetle (D:5)
  A centaur zombie (D:6)
  A gnoll bouda (D:3)
  5 hounds
  A sleepcap (D:6)
  A bullfrog skeleton (D:6)
  2 iguanas
  2 killer bee zombies (D:6)
  A howler monkey zombie (D:6)
  Robin (D:2)
  10 gnolls
  A howler monkey skeleton (D:6)
  10 adders
  A shadow imp (D:6)
  2 white imps
  3 dart slugs
  A ribbon worm (D:4)
  10 orcs
  9 ball pythons
  6 endoplasms
  2 giant cockroaches (D:1)
  17 goblins
  2 jackals (D:4)
  4 quokkas
  15 bats
  6 frilled lizards
  3 kobolds
  7 rats
143 creatures vanquished.

Vanquished Creatures (others)
  An orc wizard (D:6)
  2 fulminant prisms (D:6)
3 creatures vanquished.

Grand Total: 146 creatures vanquished

Notes
Turn   | Place    | Note
-------+----------+-------------------------------------------
     0 | D:1      | Fractals the Draconian Conjurer began the quest for the
                  | Orb.
     0 | D:1      | Reached XP level 1. HP: 14/14 MP: 3/3
   102 | D:1      | Found Biempuec's Jewellery Boutique.
   132 | D:1      | Reached skill level 1 in Fighting
   197 | D:1      | Reached XP level 2. HP: 23/23 MP: 0/5
   343 | D:1      | Learned a level 2 spell: Searing Ray
   692 | D:1      | Reached XP level 3. HP: 29/29 MP: 3/6
   881 | D:2      | Found Hikot's Assorted Antiques.
  1103 | D:2      | Found Daocuqov's Magic Scroll Emporium.
  1114 | D:2      | Bought a scroll of identify for 26 gold pieces
  1332 | D:2      | Found a faded altar of an unknown god.
  1363 | D:2      | Reached XP level 4. HP: 36/36 MP: 0/7
  1750 | D:2      | Noticed Robin
  1766 | D:2      | Killed Robin
  1985 | D:3      | Found a glowing silver altar of Zin.
  2100 | D:3      | Found Agoed's Antique Weapon Emporium.
  2219 | D:3      | Reached XP level 5. HP: 41/41 MP: 3/9
  2436 | D:3      | Learned a level 4 spell: Fulminant Prism
  2922 | D:4      | Reached skill level 5 in Conjurations
  3156 | D:4      | Reached skill level 1 in Alchemy
  3338 | D:4      | Found a staircase to the Ecumenical Temple.
  3352 | Temple   | Entered the Ecumenical Temple
  3365 | Temple   | Became a worshipper of Vehumet
  3448 | D:4      | Found a runed translucent door.
  3449 | D:4      | Noticed Crazy Yiuf
  3610 | D:5      | Entered Level 5 of the Dungeon
  3618 | D:5      | Reached XP level 6. HP: 41/51 MP: 7/10
  3949 | D:5      | Noticed Menkaure
  3962 | D:5      | Killed Menkaure
  4055 | D:5      | Identified the ring "Joirhono" {Will+ Str+5 Slay-5 SInv
                  | Stlth+}
  4109 | D:5      | Found Qymmis's Antique Weapon Boutique.
  4136 | D:5      | Reached skill level 6 in Conjurations
  4241 | D:5      | Your scales start taking on a lurid green colour.
  4241 | D:5      | Reached XP level 7. HP: 51/57 MP: 2/11
  4241 | D:5      | Gained mutation: Your system is resistant to poisons.
                  | (rPois) [Green Draconian growth]
  4520 | D:5      | Found a shadowy altar of Dithmenos.
  4815 | D:5      | Found a hazy altar of Hepliaklqana.
  5391 | D:6      | Reached * piety under Vehumet
  5391 | D:6      | Offered knowledge of Sandblast by Vehumet.
  5641 | D:6      | Reached skill level 7 in Conjurations
  5641 | D:6      | Reached XP level 8. HP: 66/66 MP: 7/14
  5847 | D:6      | Noticed Prince Ribbit
  6039 | D:6      | Reached skill level 5 in Spellcasting
  6248 | D:6      | Found a glowing golden altar of the Shining One.
  6577 | D:6      | Reached skill level 5 in Alchemy
  6793 | D:6      | Reached skill level 5 in Fighting
  6969 | D:7      | Killed Prince Ribbit
  6991 | D:6      | Gained mutation: Your magical capacity is low. (-10% MP)
                  | [potion of mutation]
  6991 | D:6      | Gained mutation: You have hidden genetic potential. [potion
                  | of mutation]
  6991 | D:6      | Mangled by a wyvern

Illustrated notes

Levels and vault maps discovered:
D:1:      ncdulo_halloftheorcs, layout_rooms, serial_shops, nicolae_shop_trees
D:2:      layout_basic, serial_shops, shop, nicolae_shop_getting_attention,
          chequers_ecumenical_altar_island, uniq_robin
D:3:      layout_loops_ring, zin_treasury, serial_shops,
          nicolae_shop_tiny_statue_garden, minmay_misc_feat_chi,
          kennysheep_cross_bottleneck
D:4:      layout_basic, minmay_temple_entry_trees, uniq_crazy_yiuf_cottage
D:5:      layout_rooms, worldfamousw_hep_ancestral_shrine,
          mainiacjoe_overflow_paths, serial_shops, nicolae_shop_dealshenge,
          roderic_batcave, uniq_menkaure
D:6:      layout_basic, lemuel_coloured_pillars_altar, tso_metal_star,
          serial_undead, serial_undead_c, serial_undead_e, serial_undead_d,
          serial_undead_d, serial_undead_c, serial_undead_c, serial_undead_c,
          serial_undead_f, serial_undead_e, serial_undead_d,
          dreamdust_wishing_well, uniq_prince_ribbit1
D:7:      layout_rooms, chequers_serial_rivers_marsh, uniq_joseph, uniq_duvessa
Temple:   dpeg_chambers_temple

Skill      XL: |  1  2  3  4  5  6  7  8 |
---------------+-------------------------+-----
Stealth        | 2 3 |  3.0
Fighting       | 1 2 3 4 5 |  5.0
Spellcasting   | 3 4 6 |  6.0
Conjurations   | 5 6 7 |  7.3
Alchemy        | 1 3 4 5 |  5.7
Dodging        | 3 |  3.0

Action                     |  1- 3 |  4- 6 |  7- 9 || total
---------------------------+-------+-------+-------++-------
  Melee: Club              |    33 |       |       ||    33
         Tailslap          |    16 |    18 |    23 ||    57
         Unarmed           |     2 |       |       ||     2
         Dagger            |    73 |    75 |   174 ||   322
         Punch             |     1 |       |     3 ||     4
         Spear             |       |    57 |    39 ||    96
   Cast: Magic Dart        |    28 |    20 |     8 ||    56
         Searing Ray       |     8 |    11 |    31 ||    50
         Fulminant Prism   |       |       |     2 ||     2
    Use: Potion            |     1 |     4 |     2 ||     7
         Scroll            |       |     4 |     1 ||     5
   Stab: Sleeping          |     2 |     2 |     1 ||     5
 Armour: Skin              |    81 |   113 |   254 ||   448
  Dodge: Dodged            |    84 |   119 |   162 ||   365
